 Dungeon Crawl Stone Soup version 0.27.0-1-g7a089689b8 (webtiles) character file.

Game seed: 2285815337560392084

440 spiderkeys the Ruffian (level 6, -1/62 HPs)
             Began as a Troll Abyssal Knight on Aug 13, 2021.
             Was a Believer of Lugonu.
             Slain by Duvessa (4 damage)
             ... on level 5 of the Dungeon.
             The game lasted 00:04:36 (3110 turns).

spiderkeys the Ruffian (Troll Abyssal Knight)       Turns: 3110, Time: 00:04:37

Health: -1/62      AC:  5    Str: 23    XL:     6   Next: 70%
Magic:  7/7        EV: 10    Int:  8    God:    Lugonu [**....]
Gold:   276        SH:  0    Dex:  9    Spells: 5/5 levels left

rFire    . . .     SeeInvis .     - Unarmed
rCold    . . .     Faith    .   (no shield)
rNeg     . . .     Spirit   .   a - +0 robe
rPois    .         Reflect  .   (helmet restricted)
rElec    .         Harm     .   j - +0 cloak
rCorr    .         Rampage  .   (gloves unavailable)
Will     .....                  (boots unavailable)
Stlth    +.........             (no amulet)
HPRegen  1.20/turn              (no ring)
MPRegen  0.10/turn              (no ring)

@: studying Conjurations
A: large, unfitting armour, claws 3, regeneration 1, shaggy fur 1, tough skin 1
a: Renounce Religion, Depart the Abyss, Bend Space


You were on level 5 of the Dungeon.
You worshipped Lugonu.
Lugonu was pleased with you.
You visited 1 branch of the dungeon, and saw 5 of its levels.
You visited the Abyss 1 time.

You collected 276 gold pieces.


Innate Abilities, Weirdness & Mutations

You are too large for most types of armour.
You have claws for hands.
Your natural rate of healing is unusually fast.
You are covered in fur. (AC +1)
You have tough skin. (AC +1)


   Skills:
 + Level 3.8 Fighting
 + Level 3.4 Dodging
 + Level 3.9 Unarmed Combat
 + Level 3.4 Invocations


You had 5 spell levels left.
You didn't know any spells.
Your spell library contained the following spells:

 Spells                   Type           Power      Damage    Failure   Level
 Ozocubu's Armour         Ice            0%         N/A       78%         3
 Ozocubu's Refrigeration  Ice            0%         4d5       100%        7

Inventory:

Missiles
 d - 136 stones
 m - 16 arrows
 p - 16 bolts
 q - 3 boomerangs
 s - 14 poisoned darts
 t - 21 sling bullets
Armour
 a - a +0 robe (worn)
 j - a +0 cloak (worn)
   (You found it on level 3 of the Dungeon)
Magical Staves
 v - a staff of earth {!a}
   (You found it on level 4 of the Dungeon)
Jewellery
 F - a ring of fire
   (You found it on level 5 of the Dungeon)
Scrolls
 b - a scroll of vulnerability {!r!r}
 e - 5 scrolls of amnesia
 f - a scroll of teleportation {@r4}
 l - a scroll of magic mapping {!r}
 o - a scroll of blinking {!r}
 r - a scroll of brand weapon
 u - a scroll of noise {unknown}
 x - a scroll of immolation {unknown}
Potions
 c - a potion of resistance {unknown}
 h - a potion of flight {unknown}
 i - a potion of lignification {unknown}
 k - a potion of curing {unknown}
 n - a potion of might {unknown}
 w - a potion of degeneration {unknown}

Dungeon Overview and Level Annotations

Branches:
Dungeon (5/15)
 Temple: D:4-7

Altars:
Okawaru
Uskayaw

Annotations:
D:5 Dowan, Duvessa

................
########.#######
#.# #.# #.# #.#
#######.#
#e......#
#@####### #.#
#.# #.# #[# #.e
###


You could see Duvessa and Dowan.


Message History

You are too injured to fight recklessly!
You scratch the jelly.
You kill the jelly!
Lugonu accepts your kill. 😮 HP[+1] 😕 HP[+1]
d - 136 stones (gained 11)
You are no longer corroded.
F - a ring of fire 😎 HP[+15]
Your hp is fully restored (62).
Key pressed, stopping explore.
You now have 252 gold pieces (gained 12).
Found an iron altar of Okawaru.
Okay, then.
Found a stone staircase leading up.
e - 4 scrolls of amnesia (gained 1) Key pressed, stopping explore.
A hound comes into view.
The hound barks!
The hound bites you. 😕 HP[-2]
You take 2 damage, and now have 60/62 hp.
You claw the hound!
You kill the hound!
Lugonu accepts your kill. 😕 HP[+1] No target in view!
No target in view!
You now have 264 gold pieces (gained 12).
Key pressed, stopping explore.
You open the door.
There is an open door here.
Key pressed, stopping explore.
You now have 276 gold pieces (gained 12).
e - 5 scrolls of amnesia (gained 1) Duvessa and Dowan come into view. 😎 HP[+1]
Your hp is fully restored (62).
You barely miss Duvessa. Duvessa hits you but does no damage.
You barely miss Duvessa.
Dowan casts a spell.
Dowan blinks!
Duvessa hits you with a +0 short sword. 😕 HP[-5]
You take 5 damage, and now have 57/62 hp.
You closely miss Duvessa.
Duvessa hits you with a +0 short sword. 😕 HP[-3]
You take 3 damage, and now have 54/62 hp.
You closely miss Duvessa.
Duvessa hits you but does no damage. 😕 HP[+1]
You barely miss Duvessa.
Duvessa hits you with a +0 short sword. 😕 HP[-5]
You take 5 damage, and now have 50/62 hp.
You barely miss Duvessa.
Duvessa hits you with a +0 short sword! 😮 HP[-9]
You take 9 damage, and now have 41/62 hp.
You are too injured to fight recklessly!
You are too injured to fight recklessly!
You are too injured to fight recklessly!
You are too injured to fight recklessly!
Unknown command.
You claw Duvessa!
Duvessa hits you with a +0 short sword. 😮 HP[-5]
You take 5 damage, and now have 36/62 hp.
You scratch Duvessa. 😮 HP[+1]
You closely miss Duvessa.
Duvessa hits you with a +0 short sword. 😮 HP[-2]
You take 2 damage, and now have 35/62 hp.
You closely miss Duvessa. Dowan casts a spell at you.
The puff of frost hits you. 😮 HP[-2]
You take 2 damage, and now have 33/62 hp.
Dowan hits you with a +0 dagger.
* * * LOW HITPOINT WARNING * * *
Duvessa hits you with a +0 short sword.
* * * LOW HITPOINT WARNING * * *
😨 HP[-7]
You take 7 damage, and now have 26/62 hp.
You barely miss Duvessa.
Dowan points at you and mumbles some strange words.
The puff of flame hits you.
* * * LOW HITPOINT WARNING * * *
Duvessa hits you with a +0 short sword.
* * * LOW HITPOINT WARNING * * *
😱 HP[-11]
You take 11 damage, and now have 15/62 hp.
You claw Duvessa!
Dowan casts a spell.
Dowan blinks!
Duvessa hits you with a +0 short sword!
* * * LOW HITPOINT WARNING * * *
😱 HP[-9]
You take 9 damage, and now have 6/62 hp.
You scratch Duvessa. Dowan casts a spell at you. The puff of frost hits you.
* * * LOW HITPOINT WARNING * * *
Duvessa hits you with a +0 short sword.
You die...

Skill      XL: |  1  2  3  4  5 |
---------------+----------------+-----
Dodging        | 2 3 |  3.4
Invocations    | 2 3 |  3.4
Fighting       | 3 |  3.8
Unarmed Combat | 3 |  3.9

Action                   |  1- 3 |  4- 6 || total
-------------------------+-------+-------++-------
Melee: Unarmed           |   122 |   127 ||   249
       Punch             |       |     2 ||     2
Invok: Depart the Abyss  |     1 |       ||     1
  Use: Scroll            |       |     6 ||     6
Armor: Robe              |    34 |    43 ||    77
Dodge: Dodged            |    53 |    72 ||   125

Levels and vault maps discovered:
D:1:      co_arrival_square_in_a_square_in_a_square, layout_loops_ring,
          shapermc_ecumenical_altar_venn, serial_forest,
          infiniplex_forest_clump_curved, infiniplex_forest_lined_room_2,
          infiniplex_forest_clump_small, infiniplex_forest_lined_room_2,
          infiniplex_forest_end_1, infiniplex_forest_fountain,
          infiniplex_forest_end_2
D:2:      layout_loops_corners, serial_forest, infiniplex_forest_clump_small,
          infiniplex_forest_lined_3, infiniplex_forest_zigzag_2,
          infiniplex_forest_3_way, infiniplex_forest_straight_4
D:3:      layout_basic, nicolae_uskayaw_dance_hall
D:4:      layout_rooms, amcnicky_mini_rare_corridor_liquid, minmay_manual_mail,
          uniq_blork_the_orc
D:5:      layout_basic, okawaru_metal_pillars_1_2, lemuel_blue_sif_altar,
          nicolae_yredelemnul_corpse_copse, jmf_multi_god_temple2,
          minmay_temple_entry_enclosed_plants, uniq_duvessa

Notes
Turn   | Place    | Note
-------+----------+-------------------------------------------
     0 | Abyss:1  | spiderkeys the Troll Abyssal Knight began the quest for the
                  | Orb.
     0 | Abyss:1  | Reached XP level 1. HP: 22/22 MP: 1/1
     0 | Abyss:1  | magus.rc [v1.9.10]
    43 | Abyss:1  | Noticed a small abomination
    46 | Abyss:1  | Noticed a starcursed mass
    48 | Abyss:1  | Noticed a raiju
    48 | Abyss:1  | Noticed a large abomination
    49 | Abyss:1  | Noticed a chaos spawn
    50 | D:1      | You pass through the gate.
    50 | D:1      | Escaped the Abyss
   105 | D:1      | You add the spells Ozocubu's Armour and Ozocubu's
                  | Refrigeration to your library.
   154 | D:1      | Reached skill level 2 in Dodging
   183 | D:1      | Reached XP level 2. HP: 29/29 MP: 2/2
   362 | D:1      | Reached * piety under Lugonu
   526 | D:1      | Reached skill level 2 in Invocations
   632 | D:1      | Found a faded altar of an unknown god.
   863 | D:2      | Reached XP level 3. HP: 36/36 MP: 3/3
  1651 | D:2      | Reached XP level 4. HP: 40/44 MP: 4/4
  1877 | D:3      | Reached ** piety under Lugonu
  1878 | D:3      | Reached skill level 3 in Fighting
  1909 | D:3      | Found a hide-covered altar of Uskayaw.
  2485 | D:4      | Reached skill level 3 in Unarmed Combat
  2491 | D:4      | Reached XP level 5. HP: 50/53 MP: 5/5
  2513 | D:4      | Reached skill level 3 in Dodging
  2562 | D:4      | Noticed Blork the orc
  2577 | D:4      | Killed Blork the orc
  2578 | D:4      | Reached skill level 3 in Invocations
  2578 | D:4      | Reached XP level 6. HP: 38/61 MP: 7/7
  2904 | D:5      | Entered Level 5 of the Dungeon
  3009 | D:5      | Found an iron altar of Okawaru.
  3096 | D:5      | Noticed Duvessa
  3096 | D:5      | Noticed Dowan
  3108 | D:5      | HP: 15/62 [Duvessa (6)]
  3109 | D:5      | HP: 6/62 [Duvessa (10)]
  3110 | D:5      | Slain by Duvessa

Vanquished Creatures
  Blork the orc (D:4)
  A water moccasin skeleton (D:4)
  A centaur zombie (D:4)
  3 hounds
  2 jellies
  A hound skeleton (D:4)
  3 gnolls (D:4)
  2 adders (D:2)
  4 worms
  2 dart slugs (D:1)
  9 orcs
  3 endoplasms
  3 giant cockroaches (D:2)
  5 goblins
  7 hobgoblins
  3 quokkas
  8 ball pythons
  5 bats
  3 frilled lizards
  7 kobolds
  3 rats
76 creatures vanquished.

Vanquished Creatures (others)
  3 plants
3 creatures vanquished.

Grand Total: 79 creatures vanquished

Table legend:
 A = Non-vault XP
 B = Vault XP
 C = Vault XP percentage of total XP
 D = Non-vault monster count
 E = Vault monster count
 F = Vault count percentage of total count
                 A         B        C        D         E       F
            +---------+---------+-------+---------+---------+-------
      Total |     399 |     230 |  36.6 |      69 |       7 |   9.2
            +---------+---------+-------+---------+---------+-------
        D:1 |      37 |       0 |   0.0 |      22 |       0 |   0.0
        D:2 |      60 |       0 |   0.0 |      20 |       0 |   0.0
        D:3 |      29 |       0 |   0.0 |      11 |       0 |   0.0
        D:4 |     190 |     230 |  54.8 |      14 |       7 |  33.3
        D:5 |      83 |       0 |   0.0 |       2 |       0 |   0.0
            +---------+---------+-------+---------+---------+-------

Illustrated notes

Table legend:
 A = Kills in this place as a percentage of kills in entire the game.
 B = Kills by you in this place as a percentage of kills by you in the entire game.
 C = Kills by friends in this place as a percentage of kills by friends in the entire game.
 D = Other kills in this place as a percentage of other kills in the entire game.
 E = Experience gained in this place as a percentage of experience gained in the entire game.
 F = Experience gained in this place divided by the number of levels of this place that you have seen.
                   A       B       C       D       E      F
               +-------+-------+-------+-------+-------+----------------------
         Total | 100.0 | 100.0 |   N/A |   N/A | 100.0 | 104.8
       Dungeon | 100.0 | 100.0 |   N/A |   N/A | 100.0 | 125.8
               +-------+-------+-------+-------+-------+----------------------

Table legend: (Time is in decaauts)
 A = Elapsed time spent in this place.
 B = Non-inter-level travel time spent in this place.
 C = Inter-level travel time spent in this place.
 D = Time resting spent in this place.
 E = Time spent auto-exploring this place.
 F = Levels seen in this place.
 G = Mean time per level.
                   A        B        C        D        E       F      G
               +--------+--------+--------+--------+--------+-----+--------+
         Total |   3097 |   2909 |    188 |     13 |   2358 |   6 |  516.2 |
       Dungeon |   3047 |   2859 |    188 |     13 |   2358 |   5 |  609.4 |
         Abyss |     50 |     50 |      0 |      0 |      0 |   1 |   50.0 |
               +--------+--------+--------+--------+--------+-----+--------+

Top non-repeatable levels by time:
     D:2: 946 daAuts
     D:1: 808 daAuts
     D:3: 659 daAuts
     D:4: 429 daAuts
     D:5: 204 daAuts
 Abyss:1: 50 daAuts
